 Dungeon Crawl Stone Soup version 0.30.1-11-g7821555f0a (webtiles) character file.

Game seed: 16527324305334208274

1275 GregorKastrin the Shooter (level 8, -4/58 HPs)
             Began as a Demonspawn Hunter on Dec 24, 2023.
             Was a Priest of Okawaru.
             Splashed by a jelly's acid (10 damage)
             ... on level 6 of the Dungeon.
             The game lasted 00:19:08 (5143 turns).

GregorKastrin the Shooter (Demonspawn Hunter)       Turns: 5143, Time: 00:19:08

Health: -4/58      AC:  1    Str: 12    XL:     8   Next: 28%
Magic:  0/11       EV: 12    Int: 17    God:    Okawaru [***...]
Gold:   93         SH:  0    Dex: 16    Spells: 2/12 levels left

rFire   . . .        a - +0 shortbow
rCold   . . .        (shield currently unavailable)
rNeg    + . .        i - +2 leather armour {rN+}
rPois   +            (no helmet)
rElec   .            (no cloak)
rCorr   .            (no gloves)
SInv    .            (no boots)
Will    .....        q - amulet of guardian spirit
Stlth   ++           r - ring of poison resistance
HPRegen 0.29/turn    (no ring)
MPRegen 0.12/turn

%: guardian spirit
@: corroded
A: big brain 2, demonic touch 1
a: Renounce Religion, Heroism


You were on level 6 of the Dungeon.
You worshipped Okawaru.
Okawaru was most pleased with you.
You visited 1 branch of the dungeon, and saw 6 of its levels.

You collected 203 gold pieces.
You spent 110 gold pieces at shops.

Inventory:

Hand Weapons
 a - a +0 shortbow (weapon)
Missiles
 m - 4 boomerangs
Armour
 c - a +0 leather armour
 i - a +2 leather armour of positive energy (worn)
Jewellery
 q - an amulet of guardian spirit (around neck)
 r - a ring of poison resistance (left hand)
Wands
 f - a wand of mindburst (4)
Scrolls
 e - a scroll of blinking {unknown}
 j - a scroll of teleportation
Potions
 b - a potion of berserk rage {unknown}
 d - 2 potions of might
 g - a potion of haste {unknown}
 h - 2 potions of brilliance {unknown}
 l - 2 potions of heal wounds {unknown}
 o - a potion of flight {unknown}
 p - a potion of attraction {unknown}


   Skills:
 * Level 3.1 Fighting
 * Level 5.9 Ranged Weapons
 * Level 1.1 Throwing
 * Level 2.0 Armour
 * Level 2.8 Dodging
 * Level 2.6 Stealth
 * Level 2.6 Spellcasting
 * Level 1.6 Conjurations
 * Level 0.2 Hexes
 * Level 0.3 Fire Magic
 * Level 2.3 Ice Magic
 * Level 1.3 Air Magic
 * Level 1.4 Poison Magic
 * Level 3.0 Invocations
 * Level 2.1 Evocations


You had 2 spell levels left.
You knew the following spells:

 Your Spells              Type           Power      Damage    Failure   Level
a - Freeze                Ice            40%        1d6       9%          1
b - Frozen Ramparts       Ice            20%        1d4       26%         3
c - Mephitic Cloud        Conj/Pois/Air  7%         N/A       36%         3
d - Inner Flame           Hex/Fire       3%         N/A       52%         3

Your spell library contained the following spells:

 Spells                   Type           Power      Damage    Failure   Level
 Magic Dart               Conj           28%        1d4       12%         1
 Ensorcelled Hibernation  Hex/Ice        12%        N/A       21%         2
 Sandblast                Erth           4%         2d4       24%         1
 Passwall                 Tmut/Erth      1%         N/A       34%         2
 Hailstorm                Conj/Ice       8%         3d4       30%         3
 Spider Form              Tmut/Pois      4%         N/A       45%         3
 Stone Arrow              Conj/Erth      8%         3d7       45%         3
 Gell's Gravitas          Tloc           2%         N/A       56%         3
 Teleport Other           Tloc           2%         N/A       56%         3
 Anguish                  Hex/Necr       1%         N/A       91%         4
 Yara's Violent Unravell  Hex/Tmut       1%         3d3       99%         5
 Dispersal                Tloc           1%         N/A       100%        6
 Enfeeble                 Hex            1%         N/A       100%        7
 Call Imp                 Summ           Unusable   N/A       N/A         2

Dungeon Overview and Level Annotations

Branches:
Dungeon (6/15)
 Temple: D:4-7

Altars:
Fedhas
Makhleb
Okawaru
Sif Muna
Vehumet

Shops:
D:4 [

Annotations:
D:3 1 runed translucent door, GrumpyGrim72's ghost, amateur DECj
D:6 Pikel


Innate Abilities, Weirdness & Mutations

You have an extremely huge brain. (Int +4)
Your touch may inflict minor irresistible damage on your foes.


Message History

The jelly hits you.
* * * LOW HITPOINT WARNING * * *
The acid corrodes you!
You are splashed with acid!
* * * LOW HITPOINT WARNING * * *
Aiming: Mindburst
Press: ? - help, Shift-Dir - straight line, f/p - jelly
Aim: a jelly (heavily wounded, not susceptible)
Okay, then.
Okay, then.
Casting: Freeze (safe; 9% risk of failure)
Confirm with . or Enter, or press ? or * to list all spells.
Aiming: Freeze (safe; 9% risk of failure)
Press: ? - help, Shift-Dir - straight line, f/p - jelly
Aim: a jelly (heavily wounded)
You freeze the jelly.
The jelly is severely wounded.
The jelly barely misses you.
Unknown command.
Casting: Freeze (safe; 9% risk of failure)
Confirm with . or Enter, or press ? or * to list all spells.
Aiming: Freeze (safe; 9% risk of failure)
Press: ? - help, Shift-Dir - straight line, f/p - jelly
Aim: a jelly (severely wounded)
You freeze the jelly.
The jelly is almost dead.
The jelly hits you but does no damage.
Unknown command.
Casting: Freeze (safe; 9% risk of failure)
Confirm with . or Enter, or press ? or * to list all spells.
You don't have enough magic to cast this spell.
Fire: a) +0 shortbow
Press: ? - help, Q - select action, (/) - cycle Shift-Dir - straight line, f/p - jelly
Aim: a jelly (almost dead, 90% to hit)
Okay, then.
You shoot an arrow. The arrow hits the jelly.
The jelly is almost dead.
The jelly hits you.
* * * LOW HITPOINT WARNING * * *
You are splashed with acid!
You die...

#####.
###########........##
#...........# ...##
#.........### #...##
#.........# #....#
#.........# ##..#.###
#####..#### #......
##.### #...#
#...#####@.#
####..#...J.#
#.....○○##.##
#.#####)...# #.
#...?...# #
#.....).....
#......)#...
#.......# ..
#........ .


You could see a jelly.

Vanquished Creatures
  A water moccasin (D:5)
  An orc warrior (D:6)
  A sky beast (D:5)
  2 ice beasts (D:5)
  2 ogres
  A howler monkey (D:3)
  5 jellies
  3 orc priests
  4 hounds
  An orc wizard (D:5)
  7 adders
  A shadow imp (D:5)
  5 worms
  A dart slug (D:1)
  19 orcs
  8 ball pythons
  11 bats
  8 endoplasms
  3 giant cockroaches
  6 hobgoblins
  4 jackals (D:3)
  3 quokkas
  5 frilled lizards
  9 goblins
  5 kobolds
  4 rats
120 creatures vanquished.

Notes
Turn   | Place    | Note
-------+----------+-------------------------------------------
     0 | D:1      | GregorKastrin the Demonspawn Hunter began the quest for the
                  | Orb.
     0 | D:1      | Reached XP level 1. HP: 16/16 MP: 1/1
    64 | D:1      | Found a faded altar of an unknown god.
    88 | D:1      | Prayed at the altar of an unknown god.
    88 | D:1      | Became a worshipper of Warmaster Okawaru
    88 | D:1      | Reached * piety under Okawaru
   104 | D:1      | Reached skill level 1 in Stealth
   109 | D:1      | Gained mutation: You have an unusually large brain. (Int
                  | +2) [demonic ancestry]
   109 | D:1      | Reached XP level 2. HP: 22/22 MP: 2/2
   131 | D:1      | Reached skill level 4 in Ranged Weapons
   425 | D:1      | Learned a level 1 spell: Freeze
   565 | D:1      | Reached XP level 3. HP: 27/27 MP: 3/3
   845 | D:2      | Found a blossoming altar of Fedhas.
  1098 | D:2      | Reached XP level 4. HP: 33/33 MP: 3/5
  1339 | D:2      | Reached skill level 1 in Invocations
  1539 | D:2      | Learned a level 3 spell: Frozen Ramparts
  1924 | D:3      | Gained mutation: You have an extremely huge brain. (Int +4)
                  | [demonic ancestry]
  1924 | D:3      | Reached XP level 5. HP: 10/38 MP: 0/6
  2106 | D:3      | Found a radiant altar of Vehumet.
  2158 | D:3      | Reached skill level 1 in Armour
  2211 | D:3      | Reached skill level 1 in Spellcasting
  2485 | D:3      | Found a runed translucent door.
  2486 | D:3      | Noticed GrumpyGrim72's ghost (amateur DECj)
  2565 | D:3      | Reached ** piety under Okawaru
  2566 | D:3      | Reached skill level 1 in Ice Magic
  2566 | D:3      | Reached skill level 1 in Evocations
  2864 | D:4      | Reached skill level 5 in Ranged Weapons
  2864 | D:4      | Reached XP level 6. HP: 46/46 MP: 8/8
  2872 | D:4      | Identified the +1 ring mail "Liguqal" {rPois rF+ MP-9
                  | Int+3}
  2877 | D:4      | Learned a level 3 spell: Mephitic Cloud
  3019 | D:4      | Found Urozuypt's Antique Armour Shoppe.
  3067 | D:4      | Bought a dyed leather armour for 110 gold pieces
  3101 | D:4      | Found a burning altar of Makhleb.
  3101 | D:4      | Noticed a cacodemon
  3104 | D:4      | Noticed a ynoxinul
  3104 | D:4      | Noticed a ynoxinul
  3503 | D:5      | Entered Level 5 of the Dungeon
  3503 | D:5      | Noticed an ice beast
  3512 | D:5      | Killed an ice beast
  3513 | D:5      | Gained mutation: Your touch may inflict minor irresistible
                  | damage on your foes. [demonic ancestry]
  3513 | D:5      | Reached XP level 7. HP: 16/51 MP: 9/9
  3576 | D:5      | Reached *** piety under Okawaru
  3577 | D:5      | Reached skill level 1 in Conjurations
  3772 | D:5      | Reached skill level 1 in Air Magic
  3772 | D:5      | Reached skill level 1 in Poison Magic
  4157 | D:5      | Found a shimmering blue altar of Sif Muna.
  4315 | D:5      | Reached XP level 8. HP: 34/58 MP: 7/11
  4460 | D:5      | Reached skill level 1 in Throwing
  4675 | D:5      | Learned a level 3 spell: Inner Flame
  4920 | D:6      | Noticed Pikel
  5143 | D:6      | Splashed by a jelly's acid

Illustrated notes

Levels and vault maps discovered:
D:1:      amcnicky_arrival_double_pillar, layout_basic,
          hellmonk_ecumenical_altar_leap_of_faith
D:2:      layout_basic, basic_altar
D:3:      layout_rooms, vehumet_crystals, serial_curves, eino_curves_04,
          eino_curves_04, gammafunk_ghost_grave, minmay_misc_feat_tower,
          minivault_14, minmay_divided_ellipse
D:4:      layout_gridville, makhleb_altar_promises_db, serial_shops,
          nicolae_shop_waterfront
D:5:      layout_loops_ring, led_sif_pool
D:6:      layout_rooms, nicolae_overflow_crystal_walls,
          nicolae_overflow_hidden_temple, minmay_misc_feat_rugged,
          minmay_manual_mess, uniq_pikel

Skill      XL: |  1  2  3  4  5  6  7  8 |
---------------+-------------------------+-----
Stealth        | 1 2 |  2.6
Ranged Weapons | 4 5 |  5.9
Dodging        | 2 |  2.8
Invocations    | 1 2 3 |  3.0
Armour         | 1 2 |  2.0
Spellcasting   | 1 2 |  2.6
Ice Magic      | 1 2 |  2.3
Evocations     | 1 2 |  2.1
Conjurations   | 1 |  1.6
Air Magic      | 1 |  1.3
Poison Magic   | 1 |  1.4
Fighting       | 3 |  3.1
Throwing       | 1 |  1.1
Hexes          | |  0.2
Fire Magic     | |  0.3

Action                     |  1- 3 |  4- 6 |  7- 9 || total
---------------------------+-------+-------+-------++-------
   Fire: Shortbow          |    94 |   131 |    95 ||   320
   Cast: Freeze            |     8 |    41 |    16 ||    65
         Frozen Ramparts   |       |       |     9 ||     9
  Evoke: Wand              |       |     6 |     5 ||    11
    Use: Scroll            |     3 |     6 |     2 ||    11
         Potion            |       |     2 |     1 ||     3
 Armour: Leather armour    |    15 |    29 |    32 ||    76
  Dodge: Dodged            |    37 |    77 |    58 ||   172
